 Dungeon Crawl Stone Soup version 0.31.0-1-g2c135a0 (webtiles) character file.

Game seed: 11538973553615425126

301 bonegar the Magician (level 6, -1/48 HPs)
             Began as a Deep Elf Hedge Wizard on Apr 1, 2024.
             Slain by a gnoll
             ... wielding a +0 flail
              (3 damage)
             ... on level 4 of the Dungeon.
             The game lasted 00:33:04 (3737 turns).

bonegar the Magician (Deep Elf Hedge Wizard)        Turns: 3737, Time: 00:33:04

Health: -1/48      AC: 23    Str:  7    XL:     6   Next: 14%
Magic:  0/15       EV:  2    Int: 21    God:
Gold:   157        SH:  0    Dex: 14    Spells: 10/15 levels left

rFire   . . .        d - +4 dagger (vamp)
rCold   . . .        (no shield)
rNeg    . . .        b - melded +0 robe
rPois   +            c - melded +0 hat
rElec   .            (cloak currently unavailable)
rCorr   .            (gloves currently unavailable)
SInv    .            (boots currently unavailable)
Will    .....        k - amulet of guardian spirit
Stlth   +            (no ring)
HPRegen 0.28/turn    (no ring)
MPRegen 0.14/turn

%: guardian spirit
@: confused, tree-form
A: stationary, stasis, torment immunity, boosted hp
a: no special abilities


You were on level 4 of the Dungeon.
You were a tree.
You visited 1 branch of the dungeon, and saw 4 of its levels.

You collected 157 gold pieces.

Inventory:

Hand Weapons
 a - a +0 dagger
 d - a +4 vampiric dagger (weapon)
 y - a +0 hand axe
 A - a +3 spear
Missiles
 s - 2 poisoned darts (quivered)
Armour
 b - a +0 robe (melded)
 c - a +0 hat (melded)
 r - a +1 scale mail of positive energy
Magical Staves
 v - a staff of air
Jewellery
 k - an amulet of guardian spirit (around neck)
Wands
 u - a wand of digging (6)
Scrolls
 e - a scroll of fog {unknown}
 f - a scroll of silence {unknown}
 g - 2 scrolls of teleportation {unknown}
 h - 3 scrolls of identify {unknown}
 i - a scroll of enchant armour {unknown}
 j - a scroll of amnesia {unknown}
 m - a scroll of enchant weapon {unknown}
 n - a scroll of vulnerability {unknown}
 t - 4 scrolls of revelation
 w - a scroll of butterflies {unknown}
 z - a scroll of noise {unknown}
Potions
 l - a potion of ambrosia {unknown}
 o - a potion of curing {unknown}
 p - a potion of mutation {unknown}
 q - 2 potions of enlightenment {unknown}
 x - a potion of magic
 B - a potion of brilliance {unknown}


   Skills:
 + Level 1.4(1.7) Short Blades
 + Level 1.2(1.5) Long Blades
 + Level 1.2 Staves
 + Level 1.5 Throwing
 + Level 3.4 Dodging
 + Level 3.5 Stealth
 + Level 5.2 Spellcasting
 + Level 2.4 Conjurations
 + Level 2.4 Summonings
 + Level 2.3 Translocations


You had 10 spell levels left.
You knew the following spells:

 Your Spells              Type           Power      Damage    Failure   Level
a - Magic Dart            Conj           60%        1d6       3%          1
b - Blink                 Tloc           30%        N/A       6%          2
c - Call Imp              Summ           30%        N/A       6%          2

Your spell library contained the following spells:

 Spells                   Type           Power      Damage    Failure   Level
 Summon Small Mammal      Summ           60%        N/A       3%          1
 Apportation              Tloc           30%        N/A       4%          1
 Sting                    Conj/Alch      40%        1d5       6%          1
 Necrotise                Necr           20%        1d5       11%         1
 Slow                     Hex            20%        N/A       11%         1
 Cigotuvi's Dreadful Rot  Necr/Alch/Air  10%        N/A       16%         2
 Mephitic Cloud           Conj/Alch/Air  8%         N/A       22%         3


Dungeon Overview and Level Annotations

Branches:
Dungeon (4/15)
 Temple: D:4-7

Altars:
The Shining One

Shops:
D:3 *=*


Message History

The orc wizard hits you but does no damage.
You barely miss the orc wizard.
The orc wizard is moderately wounded.
Your cerulean imp hits the gnoll from afar with a -3 spear.
The orc priest casts a cantrip, but nothing happens.
The gnoll hits you but does no damage. The gnoll hits you with a +0 flail.
* * * LOW HITPOINT WARNING * * *
The gnoll hits you but does no damage.
The orc hits you from afar with a +0 trident.
* * * LOW HITPOINT WARNING * * *
The orc wizard gestures at you while chanting.
You are confused.
You cannot move. (Use ctrl+direction or * direction to attack while stationary and confused.)
You cannot move. (Use ctrl+direction or * direction to attack while stationary and confused.)
You cannot move. (Use ctrl+direction or * direction to attack while stationary and confused.) Unknown command.
You cannot move. (Use ctrl+direction or * direction to attack while stationary and confused.)
Your cerulean imp closely misses the gnoll.
The gnoll hits you from afar with a +0 spear.
* * * LOW HITPOINT WARNING * * *
The gnoll hits you but does no damage. x2; The orc hits you but does no damage.
The orc wizard points at you and mumbles some strange words.
The puff of flame hits you.
* * * LOW HITPOINT WARNING * * *
You cannot move. (Use ctrl+direction or * direction to attack while stationary and confused.)
You cannot move. (Use ctrl+direction or * direction to attack while stationary and confused.)
You cannot move. (Use ctrl+direction or * direction to attack while stationary and confused.)
Your cerulean imp closely misses the gnoll.
The gnoll hits you with a +0 flail of holy wrath.
* * * LOW HITPOINT WARNING * * *
The gnoll hits you but does no damage.
The orc hits you from afar with a +0 trident.
* * * LOW HITPOINT WARNING * * *
The orc wizard hits you but does no damage.
The gnoll hits you but does no damage.
You cannot move. (Use ctrl+direction or * direction to attack while stationary and confused.)
You cannot move. (Use ctrl+direction or * direction to attack while stationary and confused.)
Your cerulean imp hits the gnoll from afar with a -3 spear.
The gnoll hits you but does no damage. The gnoll hits you with a +0 flail.
You die...

#.# #.# #.# #.#
#####.#######.###
...............>#
#############.#.#
#.#.# #.#.#
#######5#g##
#......(.)♣#
#.#####.#go#
#.#og# #.#oo#
#.#.{# #.#..#
#.#..# #.#..#


You could see an orc priest, an orc wizard, 3 gnolls, 2 orcs and a friendly
cerulean imp (summoned).

Vanquished Creatures
  A phantom (D:4)
  A hound (D:3)
  An iguana (D:4)
  An orc wizard (D:3)
  A gnoll (D:4)
  7 adders
  3 ribbon worms
  3 orcs (D:3)
  4 ball pythons
  3 bats (D:1)
  4 endoplasms
  A giant cockroach (D:4)
  6 goblins
  4 hobgoblins
  7 jackals (D:2)
  2 quokkas (D:1)
  A frilled lizard (D:2)
  7 kobolds
  8 rats
65 creatures vanquished.

Vanquished Creatures (collateral kills)
  An orc (D:3)
  A hobgoblin (D:4)
2 creatures vanquished.

Grand Total: 67 creatures vanquished

Notes
Turn   | Place    | Note
-------+----------+-------------------------------------------
     0 | D:1      | bonegar the Deep Elf Hedge Wizard began the quest for the
                  | Orb.
     0 | D:1      | Reached XP level 1. HP: 10/10 MP: 7/7
   238 | D:1      | Reached XP level 2. HP: 15/15 MP: 1/9
   249 | D:1      | Found a faded altar of an unknown god.
   249 | D:1      | Noticed a tormentor
  1120 | D:2      | Reached XP level 3. HP: 9/19 MP: 0/11
  1204 | D:2      | Learned a level 2 spell: Blink
  1258 | D:1      | Learned a level 2 spell: Call Imp
  2516 | D:3      | Reached XP level 4. HP: 16/24 MP: 2/12
  2632 | D:3      | Reached skill level 1 in Throwing
  2712 | D:3      | Found Hayduw's Assorted Antiques.
  2750 | D:3      | Found Tianotunih's Jewellery Shop.
  2858 | D:3      | Found Rifroeq's General Store.
  2951 | D:3      | Reached skill level 1 in Short Blades
  2971 | D:3      | Reached skill level 5 in Spellcasting
  2971 | D:3      | Reached XP level 5. HP: 27/28 MP: 6/14
  3274 | D:3      | Found a glowing golden altar of the Shining One.
  3474 | D:4      | Noticed a phantom
  3485 | D:4      | Killed a phantom
  3486 | D:4      | Reached skill level 1 in Long Blades
  3486 | D:4      | Reached skill level 1 in Staves
  3501 | D:4      | Reached XP level 6. HP: 22/32 MP: 7/15
  3736 | D:4      | HP: 2/48 [orc/+0 trident (2)]
  3737 | D:4      | Slain by a gnoll

Illustrated notes

Levels and vault maps discovered:
D:1:      tekkud_arrival_beachfront_property, layout_loops_ring,
          dreamdust_ecumenical_altar_sealed_demon
D:2:      layout_basic
D:3:      layout_basic, tso_oasis_becter, serial_shops, nicolae_diamond_shop,
          shop, nicolae_shop_pleasant_corner_grove, nicolae_half_adder
D:4:      gammafunk_steamed_eel, layout_basic, portal_sewer_entry_e, uniq_edmund

Skill      XL: |  1  2  3  4  5 |
---------------+----------------+-----
Stealth        | 3 |  3.5
Dodging        | 3 |  3.4
Throwing       | 1 |  1.5
Summonings     | 2 |  2.4
Short Blades   | 1 |  1.4
Translocations | 2 |  2.3
Spellcasting   | 5 |  5.2
Conjurations   | 2 |  2.4
Long Blades    | 1 |  1.2
Staves         | 1 |  1.2

Action                     |  1- 3 |  4- 6 || total
---------------------------+-------+-------++-------
  Melee: Dagger            |    47 |    44 ||    91
         Punch             |     1 |     1 ||     2
         Staff             |     8 |     5 ||    13
  Throw: Dart              |     5 |     1 ||     6
   Cast: Magic Dart        |    86 |    45 ||   131
         Call Imp          |     3 |     8 ||    11
         Blink             |       |     3 ||     3
    Use: Potion            |     2 |     2 ||     4
         Scroll            |       |     1 ||     1
   Stab: Sleeping          |     1 |     3 ||     4
         Distracted        |       |     1 ||     1
 Armour: Robe              |    49 |    34 ||    83
         Skin              |    24 |    46 ||    70
  Dodge: Dodged            |    59 |    31 ||    90
